 Dungeon Crawl Stone Soup version 0.24.0-1-gfbc8707122 (webtiles) character file.

Game seed: 690613464163943211, levelgen mode: deterministic

15654 Froggeryz the Slicer (level 12, -5/79 HPs)
             Began as a Kobold Chaos Knight on Oct 25, 2019.
             Was a Plaything of Xom.
             Slain by a yak (15 damage)
             ... in an ice cave.
             The game lasted 00:31:06 (11364 turns).

Froggeryz the Slicer (Kobold Chaos Knight)         Turns: 11364, Time: 00:31:07

Health: -5/79      AC: 12    Str: 11    XL:     12   Next: 60%
Magic:  12/12      EV: 24    Int: 16    God:    Xom [...*..]
Gold:   750        SH:  0    Dex: 15    Spells: 11/11 levels left

rFire    + . .     SeeInvis .   G - +4 dagger (elec)
rCold    + + .     Gourm    .   (shield restricted)
rNeg     . . .     Faith    .   b - +2 leather armour
rPois    .         Spirit   .   O - +2 hat
rElec    .         Reflect  .   t - +2 cloak {MR+}
rCorr    .         Harm     .   A - +0 pair of gloves
MR       +....                  (boots unavailable)
Stlth    +++++.....             (no amulet)
HPRegen  0.23/turn              d - +2 ring of evasion
MPRegen  0.13/turn              I - ring of protection from cold

@: no status effects
A: small, talons 3, rugged brown scales 1, carnivore, cold resistance 1, fire
resistance 1, MP-powered wands
a: Renounce Religion


You were in an ice cave.
You worshipped Xom.
You were a favourite toy of Xom.
You were very full.

You visited 2 branches of the dungeon, and saw 11 of its levels.
You also visited: Ice Cave.

You collected 750 gold pieces.

Inventory:

Hand Weapons
 a - a +1 short sword of chaos
 n - a +0 dagger of speed
 r - a +0 short sword
 x - a +2 hand axe of electrocution
 F - a +0 rapier
 G - a +4 dagger of electrocution (weapon)
Missiles
 j - 59 poisoned darts (quivered)
 K - 3 atropa-tipped darts
Armour
 b - a +2 leather armour (worn)
 o - a +2 robe of the Archmagi
 p - a +0 pair of boots
 t - a +2 cloak of magic resistance (worn)
 A - a +0 pair of gloves (worn)
 O - a +2 hat (worn)
Jewellery
 d - a +2 ring of evasion (left hand)
 C - an uncursed ring of fire
 I - a ring of protection from cold (right hand)
 R - an uncursed ring of protection from cold
 S - an uncursed ring of protection from magic {unknown}
Wands
 e - a wand of random effects (15)
 g - a wand of digging (14)
 s - a wand of enslavement (4)
 y - a wand of polymorph (7)
 D - a wand of acid (6)
 E - a wand of clouds (5)
 Q - a wand of flame (19)
Scrolls
 h - 7 scrolls of identify
 l - 13 scrolls of teleportation
 m - 3 scrolls of remove curse
 L - a scroll of magic mapping {unknown}
 M - a scroll of immolation {unknown}
 P - 3 scrolls of silence {unknown}
Potions
 f - 2 potions of ambrosia
 i - a potion of lignification
 k - 3 potions of agility
 u - 5 potions of haste {unknown}
 v - a potion of heal wounds
 w - 3 potions of brilliance
 z - a potion of might
 B - a potion of magic
 H - 2 potions of flight
 J - a potion of berserk rage {unknown}
 N - a potion of mutation
Miscellaneous
 q - a fan of gales
Comestibles
 c - 22 rations


   Skills:
 - Level 10.2 Fighting
 - Level 14.1 Short Blades
 - Level 0.7 Armour
 + Level 11.4 Dodging
 * Level 13.9 Stealth


You had 11 spell levels left.
You didn't know any spells.
Your spell library contained the following spells:

 Spells                   Type           Power        Failure   Level  Hunger
 Beastly Appendage        Tmut           #.....       32%         1    ##.....
 Confusing Touch          Hex            #.....       32%         1    ##.....
 Corona                   Hex            #......      32%         1    ##.....
 Shock                    Conj/Air       #...         32%         1    ##.....
 Ensorcelled Hibernation  Hex/Ice        #.....       45%         2    ###....
 Sticks to Snakes         Tmut           #.......     45%         2    ###....
 Swiftness                Chrm/Air       #.......     45%         2    ###....
 Confuse                  Hex            #.......     69%         3    ####...
 Dazzling Spray           Conj/Hex       #.....       69%         3    ####...
 Gell's Gravitas          Tloc           #.........   69%         3    ####...
 Spider Form              Tmut/Pois      #.........   69%         3    ####...
 Static Discharge         Conj/Air       #.......     69%         3    ####...
 Tukima's Dance           Hex            #.......     69%         3    ####...
 Airstrike                Air            #.........   97%         4    #####..
 Ice Form                 Ice/Tmut       #.......     97%         4    #####..
 Petrify                  Tmut/Erth      #.......     97%         4    #####..
 Blade Hands              Tmut           #.........   100%        5    ######.
 Lightning Bolt           Conj/Air       #.........   100%        5    ######.
 Metabolic Englaciation   Hex/Ice        #.........   100%        5    ######.
 Yara's Violent Unravell  Hex/Tmut       #.........   100%        5    ######.
 Bolt of Cold             Conj/Ice       #.........   100%        6    #######
 Freezing Cloud           Conj/Ice/Air   #.........   100%        6    #######
 Ozocubu's Refrigeration  Ice            #.........   100%        6    #######
 Simulacrum               Ice/Necr       #.........   100%        6    #######


Dungeon Overview and Level Annotations

Branches:
Dungeon (10/15)            Temple (0/1) D:4            Lair (1/6) D:10
    Orc (0/2) D:10          IceCv (1/1)

Altars:
Gozag
Uskayaw
Xom
Yredelemnul
The Shining One

Shops:
D:6 %   D:8 :

Annotations:
Lair:1 2 transporters, Beischinu's ghost, journeyman MiFi


Innate Abilities, Weirdness & Mutations

You are small and have problems with some larger weapons.
You are carnivorous and can eat meat at any time.
You have claws for feet.
You are partially covered in rugged brown scales. (AC +1, +3% HP)
Your flesh is cold resistant. (rC+)
Your flesh is heat resistant. (rF+)
You expend magic power (3 MP) to strengthen your wands.


Message History

The polar bear claws you but does no damage.
You hit the polar bear.
Lightning courses through the polar bear!
You kill the polar bear!
Throwing (i - inventory. (/) - cycle)
j - 60 poisoned darts (quivered)
Press: ? - help, Shift-Dir - straight line, f - yak
Aim: a yak You throw a poisoned dart.
The poisoned dart hits the yak.
The yak is poisoned.
You hit the yak. Lightning courses through the yak!
You claw the yak, but do no damage.
The yak is heavily wounded.
The yak gores you!
* * * LOW HITPOINT WARNING * * *
You closely miss the yak.
The yak is heavily wounded.
You hit the yak but do no damage. Lightning courses through the yak!
The yak is almost dead.
The yak gores you!
You die...
Xom is highly amused!

†# #### .# ##..##
.## ###..#.## ..#
##.#.##..##
#.#####.÷.###.#.#
##.##.#.#.##≈#..##
#.#..÷.#.#≈###..##
#...#.####≈#≈≈#..#
##.#### ≈#≈≈##@##
### ≈#≈≈##Y##
##≈≈##Y## #≈##YY#
≈##...# #..###
#... #._# # ...


You could see 4 yaks.

Vanquished Creatures
  A frost giant (IceCv)
  2 death yaks (IceCv)
  A deep troll (shapeshifter) (IceCv)
  An ice statue (IceCv)
  A rime drake (Lair:1)
  10 polar bears (IceCv)
  A queen bee (shapeshifter) (D:8)
  2 hippogriffs (D:10)
  Sigmund (D:6)
  19 yaks
  A basilisk (Lair:1)
  3 hungry ghosts
  4 wargs (D:10)
  A water moccasin (D:9)
  A floating eye (shapeshifter) (D:2)
  3 ice beasts
  An ice beast (shapeshifter) (D:2)
  3 sky beasts
  5 orc warriors
  3 ogres
  A black bear (D:8)
  A phantom (D:4)
  2 centaurs
  12 wolves (IceCv)
  A crocodile (Lair:1)
  2 big kobolds
  5 bullfrogs
  A water moccasin zombie (D:7)
  2 scorpions
  A water moccasin skeleton (D:8)
  3 killer bees (D:9)
  5 wights
  6 crimson imps
  3 howler monkeys
  A bullfrog zombie (D:6)
  3 quasits
  4 orc priests
  4 hounds
  3 jellies
  2 iguanas
  13 orc wizards
  6 worker ants
  A killer bee zombie (D:9)
  A hound zombie (D:5)
  2 hound skeletons
  2 worker ant zombies
  13 adders
  9 gnolls
  A shadow imp (D:8)
  An ooze (D:3)
  3 adder skeletons
  A worm (D:3)
  3 dart slugs
  5 leopard geckos
  25 orcs
  10 bats
  4 giant cockroaches
  6 goblins
  5 hobgoblins
  12 jackals
  10 kobolds
  A quokka (D:6)
  A ball python (D:7)
  2 frilled lizards (D:2)
  A goblin skeleton (D:9)
  3 goblin zombies (D:9)
  3 hobgoblin zombies (D:9)
  A jackal skeleton (D:5)
  A kobold skeleton (D:9)
  A kobold zombie (D:9)
  A leopard gecko skeleton (D:5)
  2 orc skeletons (D:9)
  An orc zombie (D:9)
  A quokka skeleton (D:5)
  5 rats
283 creatures vanquished.

Vanquished Creatures (collateral kills)
  A centaur zombie (D:5)
  A centaur skeleton (D:6)
  A howler monkey zombie (D:5)
  2 orcs (D:6)
  A ball python (D:2)
6 creatures vanquished.

Vanquished Creatures (others)
  An ice beast (D:5)
  A centaur (D:9)
  An orc (D:6)
3 creatures vanquished.

Grand Total: 292 creatures vanquished

Notes
Turn   | Place    | Note
-------+----------+-------------------------------------------
     0 | D:1      | Froggeryz the Kobold Chaos Knight began the quest for the
                  | Orb.
     0 | D:1      | Reached XP level 1. HP: 14/14 MP: 1/1
   149 | D:1      | Reached XP level 2. HP: 17/19 MP: 2/2
   497 | D:1      | Reached XP level 3. HP: 24/24 MP: 3/3
   501 | D:1      | Reached skill level 5 in Short Blades
   581 | D:1      | XOM: scenery: create altars
   827 | D:2      | Noticed a glowing shapeshifter
   827 | D:2      | a goblin changed into a glowing shapeshifter
   827 | D:2      | Noticed a floating eye
   827 | D:2      | a glowing shapeshifter changed into a floating eye
   829 | D:2      | Paralysed by a floating eye for 2 turns
   830 | D:2      | XOM: cast spell 'Cause Fear'
   833 | D:2      | Killed a floating eye
   833 | D:2      | Reached skill level 6 in Short Blades
   833 | D:2      | Reached XP level 4. HP: 30/30 MP: 4/4
   833 | D:2      | Reached XP level 5. HP: 34/34 MP: 5/5
   893 | D:2      | Noticed a shapeshifter
   893 | D:2      | a gnoll changed into a shapeshifter
   893 | D:2      | Noticed a yak
   893 | D:2      | a shapeshifter changed into a yak
   901 | D:2      | XOM: potion effect (might)
  1021 | D:2      | Reached skill level 7 in Short Blades
  1046 | D:2      | Noticed a wyvern
  1052 | D:2      | Noticed a swamp drake
  1076 | D:2      | a swamp drake changed into a worm
  1085 | D:2      | Noticed an ice beast
  1085 | D:2      | a worm changed into an ice beast
  1095 | D:2      | Killed an ice beast
  1095 | D:2      | Reached skill level 8 in Short Blades
  1095 | D:2      | Reached XP level 6. HP: 21/39 MP: 6/6
  1259 | D:2      | XOM: harmless Tmut miscast
  1457 | D:3      | Noticed an orc warrior
  1470 | D:3      | XOM: mild Tloc miscast
  1473 | D:3      | XOM: confuse monster(s)
  1476 | D:3      | XOM: mild Ice miscast
  1482 | D:3      | Noticed a wyvern
  1482 | D:3      | an orc warrior changed into a wyvern
  1780 | D:3      | XOM: harmless Erth miscast
  1788 | D:3      | XOM: mild Necr miscast
  1790 | D:3      | XOM: enchant monster (good)
  1873 | D:4      | XOM: stealth player
  1896 | D:4      | Noticed a phantom
  1902 | D:4      | Found a staircase to the Ecumenical Temple.
  1908 | D:4      | Reached XP level 7. HP: 43/43 MP: 7/7
  1934 | D:4      | Reached skill level 9 in Short Blades
  2309 | D:4      | XOM: god gift: embroidered cloak {god gift}
  2323 | D:4      | XOM: 7-stop teleportation journey
  2417 | D:4      | XOM: 1-stop teleportation journey
  2442 | D:4      | XOM: scenery: create altars
  2792 | D:4      | Reached skill level 10 in Short Blades
  2932 | D:5      | Entered Level 5 of the Dungeon
  2991 | D:5      | XOM: potion effect (agility)
  3007 | D:5      | XOM: enchant monster (good)
  3059 | D:5      | XOM: fog
  3083 | D:5      | Reached skill level 11 in Short Blades
  3083 | D:5      | Reached XP level 8. HP: 47/47 MP: 8/8
  3379 | D:5      | Reached skill level 12 in Short Blades
  3456 | D:5      | XOM: silly message
  3511 | D:5      | XOM: harmless Tmut miscast
  3614 | D:5      | XOM: mild Tloc miscast
  4059 | D:5      | XOM: mild Pois miscast
  4081 | D:5      | XOM: harmless Erth miscast
  4693 | D:6      | Reached skill level 13 in Short Blades
  4780 | D:6      | Reached XP level 9. HP: 36/51 MP: 9/9
  4850 | D:6      | XOM: harmless Fire miscast
  4853 | D:6      | Found Jaidah's Food Boutique.
  4917 | D:6      | XOM: harmless Conj miscast
  5053 | D:7      | XOM: silly message
  5060 | D:7      | XOM: potion effect (agility)
  5122 | D:7      | XOM: give mutations
  5122 | D:7      | Gained mutation: You are dopey. (Int -2) [Xom's mischief]
  5122 | D:7      | Gained mutation: Your flesh is cold resistant. (rC+) [Xom's
                  | mischief]
  5122 | D:7      | Gained mutation: You occasionally shout uncontrollably at
                  | your foes. [Xom's mischief]
  5129 | D:7      | XOM: fog
  5130 | D:7      | XOM: give mutations
  5130 | D:7      | Gained mutation: You sometimes yell uncontrollably at your
                  | foes. [Xom's mischief]
  5130 | D:7      | Gained mutation: Scrolls take you a little longer to read.
                  | [Xom's mischief]
  5133 | D:7      | XOM: blink monster(s)
  5147 | D:7      | Reached skill level 14 in Short Blades
  5243 | D:7      | Found an opulent altar of Gozag.
  5256 | D:7      | Reached skill level 5 in Fighting
  5504 | D:7      | XOM: mild Conj miscast
  5642 | D:7      | XOM: summons 4 hostile demons
  5870 | D:8      | XOM: enchant monster (bad)
  5872 | D:8      | XOM: noise
  5884 | D:7      | XOM: noise
  6028 | D:8      | XOM: butterfly on damage
  6312 | D:8      | XOM: harmless Pois miscast
  6352 | D:8      | Found Pobbe's Book Emporium.
  6634 | D:8      | Noticed a queen bee
  6634 | D:8      | a shapeshifter changed into a queen bee
  6644 | D:8      | XOM: potion effect (curing)
  6648 | D:8      | XOM: harmless Air miscast
  6650 | D:8      | XOM: harmless Fire miscast
  6656 | D:9      | XOM: harmless Conj miscast
  6657 | D:9      | XOM: enchant monster (good)
  6672 | D:9      | Reached skill level 5 in Dodging
  6672 | D:9      | Reached XP level 10. HP: 29/63 MP: 10/10
  6903 | D:9      | XOM: scenery: create altars
  7079 | D:9      | Lost mutation: You sometimes yell uncontrollably at your
                  | foes. [potion of mutation]
  7079 | D:9      | Lost mutation: Scrolls take you a little longer to read.
                  | [potion of mutation]
  7079 | D:9      | Lost mutation: You occasionally shout uncontrollably at
                  | your foes. [potion of mutation]
  7079 | D:9      | Lost mutation: You are dopey. (Int -2) [potion of mutation]
  7079 | D:9      | Gained mutation: Your flesh is heat resistant. (rF+)
                  | [potion of mutation]
  7079 | D:9      | Gained mutation: You have sharp toenails. [potion of
                  | mutation]
  7079 | D:9      | Gained mutation: You expend magic power (3 MP) to
                  | strengthen your wands. [potion of mutation]
  7260 | D:9      | XOM: god gift: ration
  7327 | D:9      | XOM: summons friendly ufetubus
  7540 | D:9      | Found a shimmering altar of Xom.
  7547 | D:9      | XOM: divination: magic mapping
  7759 | D:9      | XOM: god gift: 3 rations
  8002 | D:9      | Found a glowing golden altar of the Shining One.
  8016 | D:9      | XOM: confuse monster(s)
  8071 | D:9      | XOM: god gift: runed dagger {god gift}
  8311 | D:10     | Entered Level 10 of the Dungeon
  8332 | D:10     | XOM: swap monsters
  8348 | D:10     | XOM: smoke on damage
  8351 | D:10     | XOM: confuse monster(s)
  8365 | D:10     | Reached skill level 10 in Fighting
  8665 | D:6      | XOM: mild Air miscast
  8690 | D:6      | Noticed Sigmund
  8710 | D:6      | Killed Sigmund
  8762 | D:6      | Found a hide-covered altar of Uskayaw.
  8762 | D:6      | Found a basalt altar of Yredelemnul.
  8889 | D:6      | Reached skill level 1 in Stealth
  8923 | D:6      | XOM: fog
  9159 | D:8      | Reached XP level 11. HP: 52/72 MP: 11/11
  9210 | D:8      | XOM: enchant monster (good)
  9472 | D:10     | XOM: harmless Fire miscast
  9475 | D:10     | XOM: stat loss: -1 Str (10/11)
  9479 | D:10     | Reached skill level 5 in Stealth
  9484 | D:10     | XOM: confusion (+ monsters)
  9497 | D:10     | XOM: cast spell 'Summon Ice Beast'
  9570 | D:10     | Found a staircase to the Lair.
  9580 | D:10     | XOM: 3-stop teleportation journey
  9801 | D:10     | Found a staircase to the Orcish Mines.
  9885 | D:10     | XOM: mild Summ miscast
  9983 | Lair:1   | Entered Level 1 of the Lair of Beasts
 10096 | Lair:1   | Found a transporter.
 10098 | Lair:1   | Found a transporter.
 10099 | Lair:1   | Noticed Beischinu's ghost (journeyman MiFi)
 10169 | Lair:1   | Found a frozen archway.
 10173 | Lair:1   | XOM: harmless Hex miscast
 10176 | IceCv    | Entered an ice cave
 10242 | IceCv    | XOM: 2-stop teleportation journey
 10243 | IceCv    | Noticed a death yak
 10243 | IceCv    | Noticed a frost giant
 10243 | IceCv    | Noticed a death yak
 10243 | IceCv    | Killed a frost giant
 10243 | IceCv    | Reached skill level 10 in Stealth
 10244 | IceCv    | Killed a death yak
 10249 | IceCv    | XOM: potion effect (invisibility)
 10251 | IceCv    | Reached skill level 10 in Dodging
 10251 | IceCv    | XOM: mild Ice miscast
 10260 | IceCv    | Killed a death yak
 10260 | IceCv    | Reached XP level 12. HP: 62/77 MP: 12/12
 10261 | IceCv    | XOM: harmless Pois miscast
 10341 | IceCv    | XOM: confuse monster(s)
 10346 | IceCv    | XOM: harmless Fire miscast
 10352 | IceCv    | XOM: 1-stop teleportation journey
 10360 | IceCv    | XOM: polymorph wolf -> glowing shapeshifter
 10361 | IceCv    | Noticed a deep troll
 10361 | IceCv    | a glowing shapeshifter changed into a deep troll
 10368 | IceCv    | Killed a deep troll
 10433 | IceCv    | XOM: summons friendly ufetubus
 10464 | IceCv    | XOM: 2-stop teleportation journey
 10704 | IceCv    | XOM: 7-stop teleportation journey
 10731 | IceCv    | XOM: give mutations
 10731 | IceCv    | Gained mutation: You are partially covered in rugged brown
                  | scales. (AC +1, +3% HP) [Xom's grace]
 10731 | IceCv    | Gained mutation: You have razor-sharp toenails. [Xom's
                  | grace]
 10731 | IceCv    | Gained mutation: You have claws for feet. [Xom's grace]
 10738 | IceCv    | XOM: fog
 10755 | IceCv    | XOM: cloud trail
 10766 | IceCv    | XOM: summons friendly shadow imp
 10796 | IceCv    | XOM: cast spell 'Olgreb's Toxic Radiance'
 10797 | IceCv    | XOM: confusion (+ monsters)
 11125 | IceCv    | XOM: fake destruction
 11294 | IceCv    | XOM: summons friendly quasit
 11304 | IceCv    | XOM: summons friendly shadow imp
 11321 | IceCv    | XOM: scenery: create altars
 11358 | IceCv    | XOM: divination: detect creatures
 11364 | IceCv    | Slain by a yak

Levels and vault maps discovered:
D:1:      shiori_arrival_maze, layout_rooms, chequers_serial_rivers_small_3,
          minivault_25
D:2:      layout_loops_ring
D:3:      layout_loops_ring, eino_tiny_chamber, eino_tiny_chamber
D:4:      layout_basic, minmay_temple_entry_stoned_glass
D:5:      layout_basic, first_ration
D:6:      layout_loops_ring, grunt_temple_overflow_open, serial_shops, shop,
          grunt_ministairs_7, glass_columns_a, minmay_misc_feat_five,
          uniq_sigmund
D:7:      layout_basic, overflow_temple_1_default
D:8:      layout_rooms, serial_shops, shop_fountains, st_stairs_14
D:9:      layout_loops_ring, lemuel_coloured_pillars_altar, grunt_pizzeria,
          nicolae_tso_besieged_by_evil
D:10:     layout_basic, lair_entry_dummy, minmay_orc_entry_guard_dogs
Lair:1:   layout_regular_city, gammafunk_ghost_hive, portal_ice_cave_rime,
          minivault_19
IceCv:    ice_cave_caverns_01

Skill      XL: |  1  2  3  4  5  6  7  8  9 10 11 12 |
---------------+-------------------------------------+-----
Short Blades   | 6 8 11 13 14 | 14.1
Fighting       | 4 7 10 | 10.2
Dodging        | 5 7 10 11 | 11.4
Stealth        | 3 11 13 | 13.9
Armour         | |  0.7

Action                   |  1- 3 |  4- 6 |  7- 9 | 10-12 || total
-------------------------+-------+-------+-------+-------++-------
Melee: Short sword       |    79 |   113 |   417 |   249 ||   858
       Dagger            |       |       |   281 |   480 ||   761
       Kick              |       |       |       |    63 ||    63
Throw: Dart              |     1 |     6 |    32 |     9 ||    48
Evoke: Wand              |       |       |    19 |       ||    19
  Use: Scroll            |       |     5 |     4 |       ||     9
       Potion            |       |     3 |     5 |     3 ||    11
 Stab: Confused          |     3 |     3 |     3 |     7 ||    16
       Sleeping          |     1 |       |     1 |     8 ||    10
       Paralysed         |       |       |     1 |     1 ||     2
       Distracted        |       |       |       |     1 ||     1
       Petrifying        |       |       |       |     1 ||     1
       Invisible         |       |       |       |     9 ||     9
  Eat: Chunk             |     7 |     5 |    19 |    26 ||    57
Armor: Leather armour    |    19 |    11 |   103 |    75 ||   208
Dodge: Dodged            |    56 |    67 |   358 |   412 ||   893
